[Event "27th CRO-chT 1A-Men 2018"]
[Site "Biograd"]
[Date "2018.09.12"]
[Round "4.6"]
[White "Vargic, Drago"]
[Black "Muse, Mladen"]
[Result "1/2-1/2"]
[ECO "B08"]
[WhiteElo "2286"]
[BlackElo "2400"]
[Annotator "ChessBase"]
[PlyCount "82"]
[EventDate "2018.09.08"]
[EventType "team-tourn"]
[EventCountry "CRO"]
[SourceTitle "playchess.com"]
[Source "ChessBase"]
[SourceQuality "1"]
[TimeControl "40/5400+30:1800+30"]

1. e4 g6 2. d4 Bg7 3. Nc3 d6 4. Nf3 Nf6 5. Bf4 O-O 6. Qd2 Nc6 7. O-O-O Bg4 8. Be2 Nd7 9. Bh6 Bxf3 10. Bxf3 e6 11. h4 Bxd4 12. Bxf8 Nxf8 13. Rdf1 Bg7 14. g4 Nd4 15. Bd1 b5 16. f4 b4 17. Ne2 c5 18. Nxd4 Bxd4 19. Rh3 Bg7 20. g5 c4 21. Qe2 d5 22. f5 exf5 23. exf5 gxf5 24. Rxf5 Ne6 25. Qf1 Qd6 26. Bh5 Nd4 27. Bxf7+ Kh8 28. h5 Nxf5 29. Qxf5 Qe5 30. Qxe5 Bxe5 31. c3 bxc3 32. bxc3 Bf4+ 33. Kc2 Bxg5 34. Bxd5 Rc8 35. Rg3 h6 36. Rg4 Rc5 37. Bxc4 Bf6 38. Rg8+ Kh7 39. Rg6 Bg7 40. Bd3 Kg8 41. c4 Rxh5 1/2-1/2

[Event "27th CRO-chT 1A-Men 2018"]
[Site "Biograd"]
[Date "2018.09.12"]
[Round "4.22"]
[White "Bender, Ivan"]
[Black "Mrkonjic, Nenad"]
[Result "1/2-1/2"]
[ECO "B04"]
[WhiteElo "2261"]
[BlackElo "2352"]
[Annotator "ChessBase"]
[PlyCount "162"]
[EventDate "2018.09.08"]
[EventType "team-tourn"]
[EventCountry "CRO"]
[SourceTitle "playchess.com"]
[Source "ChessBase"]
[SourceQuality "1"]
[TimeControl "40/5400+30:1800+30"]

1. e4 Nf6 2. e5 Nd5 3. d4 d6 4. Nf3 dxe5 5. Nxe5 c6 6. Be2 Nd7 7. Nf3 N7f6 8. h3 Bf5 9. O-O h6 10. Na3 e6 11. Nc4 Be7 12. c3 O-O 13. a4 a5 14. Re1 Qc7 15. Bf1 Rfd8 16. Nfe5 b5 17. Nd2 bxa4 18. Qxa4 Rdc8 19. Nd3 Qd8 20. Nf3 Nd7 21. Nfe5 Nxe5 22. Nxe5 Qc7 23. Nd3 Rd8 24. Ne5 Rdc8 25. Nd3 Qb6 26. Qd1 Rd8 27. Ra4 Qc7 28. Qf3 Bd6 29. Nc5 Be7 30. Ra1 Bg6 31. Na4 Nb6 32. Bf4 Qb7 33. Nxb6 Qxb6 34. Ra2 a4 35. Bd3 Bxd3 36. Qxd3 c5 37. Be3 Qb3 38. Raa1 cxd4 39. Bxd4 Bf6 40. Qd1 Qc4 41. Qe2 Qxe2 42. Rxe2 Bxd4 43. cxd4 Rdb8 44. Rd2 Rb4 45. Kf1 Rd8 46. Rad1 Rdb8 47. Ra1 Kf8 48. d5 e5 49. d6 Ke8 50. Rc1 Rd4 51. Rxd4 exd4 52. Rc4 d3 53. Rxa4 Rxb2 54. Ra1 Kd7 55. Rd1 Rb3 56. Ke1 f5 57. Kd2 f4 58. g3 Kxd6 59. gxf4 Kd5 60. Rg1 Ke4 61. Rxg7 Rb2+ 62. Kd1 Rxf2 63. Re7+ Kxf4 64. Rd7 Rf3 65. h4 Rh3 66. Kd2 Ke4 67. Re7+ Kf5 68. Re3 Rxh4 69. Kxd3 Rh2 70. Re2 Rh3+ 71. Kd2 Kf4 72. Rf2+ Kg4 73. Ke2 Ra3 74. Kf1 Kg3 75. Kg1 Ra1+ 76. Rf1 Ra2 77. Rb1 Ra3 78. Kh1 h5 79. Rc1 h4 80. Rb1 h3 81. Rc1 h2 1/2-1/2

[Event "27th CRO-chT 1A-Men 2018"]
[Site "Biograd"]
[Date "2018.09.12"]
[Round "4.23"]
[White "Feletar, Darko"]
[Black "Brnas, Augustin"]
[Result "1/2-1/2"]
[ECO "D06"]
[WhiteElo "2364"]
[BlackElo "2190"]
[Annotator "ChessBase"]
[PlyCount "89"]
[EventDate "2018.09.08"]
[EventType "team-tourn"]
[EventCountry "CRO"]
[SourceTitle "playchess.com"]
[Source "ChessBase"]
[SourceQuality "1"]
[TimeControl "40/5400+30:1800+30"]

1. Nf3 Nf6 2. c4 d5 3. cxd5 Qxd5 4. Nc3 Qa5 5. d4 Ne4 6. Qb3 e6 7. a3 Nc6 8. Qc2 Bb4 9. axb4 Qxa1 10. Nxe4 Nxb4 11. Qd1 Na2 12. Kd2 b6 13. Nc3 Bd7 14. Qc2 Nb4 15. Qb3 c5 16. e3 Qa5 17. Qa3 cxd4 18. exd4 Nc6 19. Qxa5 Nxa5 20. Kc2 Rc8 21. Ba6 Rd8 22. Be3 f6 23. Ra1 Kf7 24. Bb5 Bxb5 25. Nxb5 Rd7 26. Nc3 Rc8 27. Ra4 g5 28. h3 h5 29. Bxg5 fxg5 30. Ne5+ Ke7 31. Nxd7 Kxd7 32. Kd3 Rf8 33. Ke3 Rf5 34. f3 Kc6 35. g4 hxg4 36. hxg4 Rf7 37. Ne4 Rg7 38. Kd3 Kd5 39. Ra1 e5 40. Rh1 exd4 41. Rh5 Nc4 42. Nf6+ Kc5 43. Ne4+ Kd5 44. Nf6+ Kc5 45. Ne4+ 1/2-1/2